AoeStats
← BruteSquad

Hideout

510117017Analyzed
1v1 RM · 2d ago on Sep 29, 2026· 41m 28s· 2 players
Game mode
Random Map
Map size
Tiny (2 player)
Population
200
Speed
Normal
Resources
Standard
Victory
Conquest
Starting age
Dark Age
Ending age
Imperial Age
RankedLock teamsTeams togetherTeam positionsShared explorationLock speedFull tech treeHidden civsTurbo modeCheats
Victory
Defeat
🇺🇸 Japanese · United States
839
+15
🇺🇸 Berbers · United States
812
-15
Basically A Cat
12:53 Feudal Age
17:05 Castle Age
16:05 Fletching
19:11 Wheelbarrow
20:01 Loom
22:59 Padded Archer Armor
24:38 Horse Collar
28:40 Leather Archer Armor
28:28 Double-Bit Axe
31:52 Kasbah
35:30 Town Watch
40:30 Man-at-Arms
BruteSquad
2:39 Loom
6:50 Loom
9:53 Feudal Age
10:55 Man-at-Arms
13:40 Wheelbarrow
14:01 Double-Bit Axe
14:09 Horse Collar
16:14 Forging
18:59 Scale Mail Armor
22:56 Castle Age
24:47 Hand Cart
24:49 Heavy Plow
25:01 Bow Saw
25:30 Iron Casting
25:11 Chain Mail Armor
27:34 Padded Archer Armor
29:24 Long Swordsman
29:33 Long Swordsman
30:32 Leather Archer Armor
33:02 Elite Skirmisher
Connection lost

Rejoining the realm…

Still unreachable

The connection could not be restored.

Session expired

The server has moved on; the page needs a fresh start.